 Dungeon Crawl Stone Soup version 0.28.0-53-g5a82cb258f (webtiles) character file.

Game seed: 10413450809124784029

65 Sin92 the Skirmisher (level 3, -26/29 HPs)
             Began as a Demonspawn Fighter on June 4, 2022.
             Killed by an exploding goblin (33 damage)
             ... ignited by their inner flame
             ... on level 2 of the Dungeon on June 5, 2022.
             The game lasted 00:05:41 (2357 turns).

Sin92 the Skirmisher (Demonspawn Fighter)           Turns: 2357, Time: 00:05:41

Health: -26/29     AC: 12    Str: 16    XL:     3   Next: 92%
Magic:  3/3        EV:  9    Int:  9    God:
Gold:   82         SH:  5    Dex: 14    Spells: 2/2 levels left

rFire   . . .      SeeInvis .   a - +0 long sword
rCold   . . .      Faith    .   c - +0 buckler
rNeg    . . .      Spirit   .   b - +0 scale mail
rPois   .          Reflect  .   (no helmet)
rElec   .          Harm     .   (no cloak)
rCorr   .          Rampage  .   (no gloves)
Will    .....                   (no boots)
Stlth   ..........              (no amulet)
HPRegen 0.09/turn               (no ring)
MPRegen 0.08/turn               (no ring)

@: weak-willed, sanguine armoured, hasted, very quick
A: sanguine armour 1
a: no special abilities


You were on level 2 of the Dungeon.
You visited 1 branch of the dungeon, and saw 2 of its levels.

You collected 82 gold pieces.

Inventory:

Hand Weapons
 a - a +0 long sword (weapon)
Armour
 b - a +0 scale mail (worn)
 c - a +0 buckler (worn)
Scrolls
 e - a scroll of identify
 f - a scroll of vulnerability
Potions
 d - 3 potions of might
 i - a potion of curing
 j - 2 potions of cancellation


   Skills:
 + Level 3.3 Fighting
 * Level 2.6 Long Blades
 + Level 3.0 Armour
 + Level 1.1 Dodging
 + Level 3.1 Shields


You had 2 spell levels left.
You didn't know any spells.
Your spell library was empty.

Dungeon Overview and Level Annotations

Branches:
Dungeon (2/15)

Altars:

Annotations:
D:2 Robin


Innate Abilities, Weirdness & Mutations

When seriously injured, your blood forms armour. (AC +6)


Message History

You block the goblin's attack. The goblin closely misses you.
The goblin hits you with a +0 dagger.
* * * LOW HITPOINT WARNING * * *
The goblin hits you with a +0 club.
* * * LOW HITPOINT WARNING * * *
You block the goblin's attack.
Unknown command.
As you read the scroll labelled ACVOZE LEXZAH, it crumbles to dust.
The creatures around you are filled with an inner flame!
It was a scroll of immolation.
The goblin no longer looks unusually strong.
The goblin hits you but does no damage. x2; The goblin barely misses you.
The goblin hits you but does no damage. x2
As you read the scroll labelled UNAEKK ACOUMN, it crumbles to dust.
Magic quickly surges around you.
It was a scroll of vulnerability.
The goblin no longer looks unusually strong. x2
Robin closely misses you. You block the goblin's attack.
The goblin hits you but does no damage. x2; The goblin closely misses you.
The goblin hits you with a +0 dagger.
* * * LOW HITPOINT WARNING * * *
As you read the scroll labelled CAETER RO FOBUAN, it crumbles to dust.
It is a scroll of identify.
j - 2 potions of cancellation Robin barely misses you.
The goblin hits you but does no damage. You block the goblin's attack.
The goblin hits you with a +0 dagger.
* * * LOW HITPOINT WARNING * * *
You block the goblin's attack. The goblin hits you but does no damage.
It was a potion of curing.
You feel better.
The hobgoblin no longer looks unusually strong.
The goblin barely misses you.
The goblin hits you but does no damage. x3
The goblin completely misses you.
It was a potion of haste.
You feel yourself speed up.
The goblin no longer looks unusually strong.
You block the goblin's attack.
The goblin hits you but does no damage. x3
The goblin barely misses you.
You slash the goblin!
The goblin explodes!
The fiery explosion engulfs you!!
Ouch! That really hurt!
You die...

.....###.#
#.#
........<#
#.#
.....##.##
#.#
......#.#
#.#
......#.#
#.#
......#.#
#.#
......#.#
#§# # .
......#.#
#§#.#....
......#.#
#@g....#
#.#
#gggg.##.#
###
#gg......
..#
#g########
... .. ..#
.#. ..#
#.# ..# #
..#


You could see Robin (inner flame, weak-willed), a hobgoblin (inner flame,
weak-willed) and 6 goblins.

Vanquished Creatures
  An adder (D:2)
  A worm (D:2)
  An orc (D:2)
  7 ball pythons
  2 bats
  5 endoplasms
  4 giant cockroaches
  4 goblins
  5 hobgoblins
  3 quokkas
  3 frilled lizards
  8 kobolds
  5 rats
49 creatures vanquished.

Notes
Turn   | Place    | Note
-------+----------+-------------------------------------------
     0 | D:1      | Sin92 the Demonspawn Fighter began the quest for the Orb.
     0 | D:1      | Reached XP level 1. HP: 18/18 MP: 1/1
   329 | D:1      | Gained mutation: When seriously injured, your blood forms
                  | armour. (AC +6) [demonic ancestry]
   329 | D:1      | Reached XP level 2. HP: 21/24 MP: 2/2
   362 | D:1      | Found a faded altar of an unknown god.
  1185 | D:2      | Reached XP level 3. HP: 29/29 MP: 3/3
  1578 | D:2      | Reached skill level 1 in Dodging
  2340 | D:2      | Noticed Robin
  2357 | D:2      | Killed by an exploding goblin... ignited by their inner
                  | flame

Illustrated notes

Levels and vault maps discovered:
D:1:      lemuel_arrival_hallway, layout_loops_corners,
          hellmonk_ecumenical_altar_pennies_from_heaven
D:2:      layout_basic, kennysheep_generic_room_6, uniq_robin

Skill      XL: |  1  2  3 |
---------------+----------+-----
Long Blades    | 2 |  2.6
Shields        | 3 |  3.1
Armour         | 3 |  3.0
Dodging        | 1 |  1.1
Fighting       | |  3.3

Action                   || total
-------------------------++-------
Melee: Long sword        ||   160
  Use: Scroll            ||     4
       Potion            ||     2
Armor: Scale mail        ||    90
Dodge: Dodged            ||    78
Block: Buckler           ||    64
